 Dungeon Crawl Stone Soup version 0.29.0-4-gdea44cf6ec (webtiles) character file.

Game seed: 5489712727924891664

43 qw the Chopper (level 3, 0/23 HPs)
             Began as a Gargoyle Berserker on Sept 8, 2022.
             Was a Follower of Trog.
             Slain by an orc wizard
             ... wielding a +0 dagger
              (4 damage)
             ... on level 3 of the Dungeon.
             The game lasted 00:00:29 (1378 turns).

qw the Chopper (Gargoyle Berserker)                 Turns: 1378, Time: 00:00:29

Health: 0/23       AC: 13    Str: 22    XL:     3   Next: 58%
Magic:  3/3        EV:  6    Int:  7    God:    Trog [*.....]
Gold:   76         SH:  7    Dex:  9    Spells: 2/2 levels left

rFire   . . .      SeeInvis .   Y - +0 hand axe
rCold   . . .      Faith    .   g - +0 kite shield
rNeg    + . .      Spirit   .   f - +0 chain mail
rPois   inf        Reflect  .   a - +0 helmet
rElec   +          Harm     .   (no cloak)
rCorr   .          Rampage  .   (no gloves)
Will    .....                   (no boots)
Stlth   ..........              (no amulet)
HPRegen 0.07/turn               (no ring)
MPRegen 0.08/turn               (no ring)

@: on berserk cooldown, slowed, very slow
A: sickness immunity, AC +3, negative energy resistance 1, electricity
resistance, torment resistance 1, petrification resistance
a: Renounce Religion, Berserk


You were on level 3 of the Dungeon.
You worshipped Trog.
Trog was aware of your devotion.
You visited 1 branch of the dungeon, and saw 3 of its levels.

You collected 76 gold pieces.


Innate Abilities, Weirdness & Mutations

You are immune to sickness and miasma.
Your stone body is resilient. (AC +3)
You are immune to poison.
You resist negative energy. (rN+)
You are resistant to electric shocks. (rElec)
You are resistant to unholy torment.
You are immune to petrification.


   Skills:
 - Level 3.2 Fighting
 - Level 3.3 Axes
 - Level 2.1 Armour
 - Level 1.5 Dodging
 + Level 2.4 Shields


You had 2 spell levels left.
You didn't know any spells.
Your spell library was empty.

Inventory:

Hand Weapons
 k - a +0 whip
 Y - a +0 hand axe (weapon)
Missiles
 c - a boomerang (quivered)
Armour
 a - a +0 helmet (worn)
 f - a +0 chain mail (worn)
 g - a +0 kite shield (worn)
Scrolls
 b - 2 scrolls of identify
Potions
 h - a potion of curing {unknown}
 j - a potion of lignification {unknown}
 l - a potion of resistance {unknown}

Dungeon Overview and Level Annotations

Branches:
Dungeon (3/15)

Altars:


Message History

You hear some strange, mumbled words.
A magic dart appears from out of thin air!
The magic dart hits you but does no damage.
The adder barely misses you.
You slash the orc priest!
The orc priest is heavily wounded.
You closely miss something. You barely miss the orc. You hit the adder.
You hit the orc wizard but do no damage.
The adder bites you but does no damage.
The orc wizard hits you but does no damage.
The orc hits you but does no damage.
The orc priest hits you but does no damage.
You hear some strange, mumbled words.
A puff of flame appears from out of thin air!
The puff of flame hits you. The adder barely misses you.
Something hits you but does no damage. The orc hits you but does no damage.
You block the orc priest's attack.
The orc wizard points at you and mumbles some strange words.
The magic dart hits you but does no damage.
You hit the orc priest.
The orc priest is severely wounded.
You closely miss something. You closely miss the orc. You hit the adder.
You barely miss the orc wizard. The adder closely misses you.
The adder bites you. You block the orc wizard's attack.
The orc barely misses you. The orc priest barely misses you.
Something hits you but does no damage. The adder barely misses you.
The orc barely misses you.
The orc priest hits you but does no damage.
Something hits you. The orc wizard barely misses you.
You closely miss the orc priest.
The orc priest is severely wounded.
You closely miss something. You hit the orc. You closely miss the adder.
You hit the orc wizard. The adder bites you but does no damage.
The orc wizard hits you with a +0 dagger.
The orc hits you but does no damage.
The orc priest hits you but does no damage.
Something hits you but does no damage. The adder closely misses you.
The orc wizard hits you with a +0 dagger.
You die...

#######.## ###.###....
#.%..(...# #.........###
#.######## #...........
#.....#... #..........#
#.###.#.## #..........# #.#
#.#.## #.........o# #.#
#.#.## #........{S####.##.#
#.#.#. #........o@.....##.#
#.#.#. .........oo####.##.#
#.#...
................##.###.###.
.#.#####..########.#....##.
# #..###......#.#..##.
#.......#####.#..##.
#.............#..##.
###....########..... #...[#
.......


You could see an orc priest, an orc wizard, an adder and 2 orcs.

Vanquished Creatures
  2 worms (D:2)
  A dart slug (D:2)
  2 bats
  3 endoplasms
  2 goblins
  5 hobgoblins
  4 jackals (D:2)
  4 kobolds
  3 quokkas
  A ball python (D:2)
  2 frilled lizards
  3 rats
32 creatures vanquished.

Notes
Turn   | Place    | Note
-------+----------+-------------------------------------------
     0 | D:1      | qw the Gargoyle Berserker began the quest for the Orb.
     0 | D:1      | Reached XP level 1. HP: 14/14 MP: 1/1
     0 | D:1      | 0 ||| qw: Version: 0.1-a-112-g44dc6cd
     0 | D:1      | 0 ||| qw: Game counter: 6781
     0 | D:1      | 0 ||| qw: Always use a shield: true
     0 | D:1      | 0 ||| qw: Do Orc after D:15 true
     0 | D:1      | 0 ||| qw: Do second Lair branch before Depths: true
     0 | D:1      | 0 ||| qw: Lair rune preference: random
     0 | D:1      | 0 ||| qw: Plans: Normal
     0 | D:1      | 0 ||| PLANNING D:1-11
   101 | D:1      | Reached skill level 3 in Axes
   241 | D:1      | Reached XP level 2. HP: 19/19 MP: 2/2
   265 | D:1      | 265 ||| DROPPING +0 club.
   350 | D:1      | Found a faded altar of an unknown god.
   432 | D:1      | 432 ||| UPGRADING to +0 leather armour.
   442 | D:1      | 442 ||| DROPPING +0 animal skin.
   443 | D:1      | 443 ||| UPGRADING to +0 chain mail.
   453 | D:1      | 453 ||| DROPPING +0 leather armour.
   454 | D:1      | 454 ||| UPGRADING to +0 kite shield.
   459 | D:1      | 459 ||| READING scroll labelled SOLYLY VOESINK.
   460 | D:1      | 460 ||| READING scroll labelled QAIPLE EBRACESCH.
   577 | D:2      | Reached skill level 1 in Shields
   589 | D:2      | 589 ||| Stepping ~*~*~tactically~*~*~ (stealth).
   590 | D:2      | 590 ||| Stepping ~*~*~tactically~*~*~ (stealth).
   591 | D:2      | 591 ||| Stepping ~*~*~tactically~*~*~ (stealth).
   605 | D:2      | 605 ||| INVOKING Berserk.
   608 | D:2      | Reached XP level 3. HP: 23/23 MP: 3/3
   979 | D:2      | 979 ||| INVOKING Berserk.
   980 | D:2      | 980 ||| INVOKING Berserk.
   981 | D:2      | 981 ||| INVOKING Berserk.
  1222 | D:2      | 1222 ||| UPGRADING to +0 helmet.
  1227 | D:2      | 1227 ||| READING 2 scrolls labelled UMIFFILO YJUPAL.
  1366 | D:3      | 1366 ||| INVOKING Berserk.
  1367 | D:3      | 1367 ||| INVOKING Berserk.
  1377 | D:3      | HP: 5/23 [something (3)]
  1378 | D:3      | Slain by an orc wizard

Levels and vault maps discovered:
D:1:      scummos_arrival_checkerplants, layout_basic,
          chequers_ecumenical_altar_simple
D:2:      layout_rooms
D:3:      layout_basic, st_stairs_9

Skill      XL: |  1  2  3 |
---------------+----------+-----
Axes           | 3 |  3.3
Shields        | 1 2 |  2.4
Fighting       | |  3.2
Armour         | |  2.1
Dodging        | |  1.5

Action                   || total
-------------------------++-------
Melee: Hand axe          ||    61
Throw: Boomerang         ||    43
Invok: Berserk           ||     3
  Use: Scroll            ||     3
Armor: Animal skin       ||     5
       Chain mail        ||    41
Dodge: Dodged            ||    34
Block: Kite shield       ||    15

Table legend:
 A = Non-vault XP
 B = Vault XP
 C = Vault XP percentage of total XP
 D = Non-vault monster count
 E = Vault monster count
 F = Vault count percentage of total count
                 A         B        C        D         E       F
            +---------+---------+-------+---------+---------+-------
      Total |      62 |       0 |   0.0 |      32 |       0 |   0.0
            +---------+---------+-------+---------+---------+-------
        D:1 |      18 |       0 |   0.0 |      11 |       0 |   0.0
        D:2 |      40 |       0 |   0.0 |      19 |       0 |   0.0
        D:3 |       4 |       0 |   0.0 |       2 |       0 |   0.0
            +---------+---------+-------+---------+---------+-------
